 Dungeon Crawl Stone Soup version 0.30-a0-622-gddc90eaa04 (webtiles) character file.

Game seed: 14482845209588633793

127 Dirtsage the Changer (level 5, 0/49 HPs)
             Began as an Octopode Transmuter on Jan 10, 2023.
             Succumbed to an adder's poison
             ... on level 3 of the Dungeon.
             The game lasted 00:02:51 (1609 turns).

Dirtsage the Changer (Octopode Transmuter)          Turns: 1609, Time: 00:02:52

Health: 0/49       AC: 22    Str:  9    XL:     5   Next: 11%
Magic:  1/8        EV:  2    Int: 18    God:
Gold:   164        SH:  0    Dex: 12    Spells: 7/8 levels left

rFire   + . .      SeeInvis .      - Unarmed
rCold   . . .      Faith    .    (no shield)
rNeg    . . .      Spirit   +    (helmet currently unavailable)
rPois   +          Reflect  .    l - amulet of guardian spirit
rElec   .          Harm     .    F - ring of protection from fire
rCorr   .          Rampage  .    (no ring)
Will    .....      NoTele   +    (no ring)
Stlth   +                        (no ring)
HPRegen 0.28/turn                (no ring)
MPRegen 0.11/turn                (no ring)
                                 (no ring)
                                 (no ring)

@: lethally poisoned (0 -> -5), tree-form, hasted, very quick
A: stationary, stasis, torment immunity, boosted hp, almost no armour,
(amphibious), 8 rings, (camouflage 1), (gelatinous body 1), (nimble swimmer 1),
(tentacles)
a: no special abilities


You were on level 3 of the Dungeon.
You were a tree.
You visited 1 branch of the dungeon, and saw 3 of its levels.

You collected 164 gold pieces.

Inventory:

Magical Staves
 d - a staff of death
Jewellery
 l - an amulet of guardian spirit (around neck)
 F - a ring of protection from fire (left branch)
Scrolls
 c - 3 scrolls of identify {unknown}
 e - 2 scrolls of enchant armour {unknown}
 g - a scroll of vulnerability {unknown}
 h - a scroll of noise {unknown}
 i - a scroll of immolation {unknown}
 j - a scroll of enchant weapon {unknown}
 k - a scroll of magic mapping {unknown}
Potions
 a - a potion of lignification


   Skills:
 - Level 1.0 Fighting
 - Level 2.0 Dodging
 - Level 3.0 Unarmed Combat
 - Level 2.0 Spellcasting
 * Level 3.8 Transmutations
 * Level 3.1 Ice Magic


You had 7 spell levels left.
You knew the following spells:

 Your Spells              Type           Power      Damage    Failure   Level
a - Beastly Appendage     Tmut           30%        N/A       3%          1

Your spell library contained the following spells:

 Spells                   Type           Power      Damage    Failure   Level
 Wereblood                Tmut           15%        N/A       5%          2
 Frozen Ramparts          Ice            26%        1d4       16%         3
 Spider Form              Tmut/Pois      8%         N/A       24%         3
 Ice Form                 Ice/Tmut       14%        N/A       38%         4
 Summon Ice Beast         Ice/Summ       7%         N/A       67%         4


Dungeon Overview and Level Annotations

Branches:
Dungeon (3/15)

Altars:


Innate Abilities, Weirdness & Mutations

You are a tree.
Your roots penetrate the ground, keeping you stationary.
You cannot be teleported.
You are immune to unholy pain and torment.
Your maximum health is greatly increased.
You cannot wear most types of armour.
((You are amphibious.))
You can wear up to eight rings at the same time.
((Your skin changes colour to match your surroundings (Stealth+).))
((Your rubbery body absorbs attacks. (AC +1, EV +1)))
((You are camouflaged when in or above water. (Stealth+)))
((You have tentacles for arms and can constrict up to eight enemies at once.))


Message History

You take 7 damage, and have 16/33 hp.
MASSIVE DAMAGE!!
You now have 3/8 mp.
You are too injured to fight recklessly!
You tentacle-slap the adder. You grab the adder.
You squeeze the adder, but do no damage.
The adder is severely wounded.
You constrict the adder.
You feel very sick. The adder misses you. The endoplasm hits you.
You take 3 damage, and have 13/33 hp.
You tentacle-slap the adder.
Your tentacle spike misses the adder.
The adder is almost dead.
Your transformation is almost over.
You constrict the adder.
You kill the adder!
You feel very sick. The endoplasm barely misses you. The endoplasm freezes you.
You are frozen.
* * * LOW HITPOINT WARNING * * *
You take 5 damage, and have 8/33 hp.
You now have 2/8 mp.
It was a potion of flight.
You feel very buoyant.
You fly up into the air.
* * * LOW HITPOINT WARNING * * *
You feel sick. The endoplasm freezes you.
You are frozen.
* * * LOW HITPOINT WARNING * * *
The endoplasm closely misses you.
You take 6 damage, and have 2/33 hp.
You now have 1/8 mp.
Really quaff the potion of lignification?
Your tentacle spike disappears.
You turn into a tree.
Your roots penetrate the ground.
* * * LOW HITPOINT WARNING * * *
You feel sick.
The endoplasm jiggles.
The endoplasm hits you but does no damage. x2
You now have 1/49 hp.
It was a potion of haste.
You feel yourself speed up.
You die...

.> ##. . ..
..####.##
.........
##.....#
.#....J.####
.......♣...######
##....J.........#
#..............#
#..............#
#.###..........#
# #.......)..#
##.........# #
....#.#.###.##
###.#.#.# #..###


You could see 2 endoplasms.

Vanquished Creatures
  A scorpion (D:3)
  2 adders
  2 dart slugs
  4 bats
  2 endoplasms (D:1)
  5 giant cockroaches
  A goblin (D:3)
  4 hobgoblins
  4 jackals (D:1)
  2 quokkas
  4 ball pythons
  A frilled lizard (D:1)
  5 kobolds
  5 rats
42 creatures vanquished.

Notes
Turn   | Place    | Note
-------+----------+-------------------------------------------
     0 | D:1      | Dirtsage the Octopode Transmuter began the quest for the
                  | Orb.
     0 | D:1      | Reached XP level 1. HP: 13/13 MP: 3/3
   232 | D:1      | Reached skill level 1 in Ice Magic
   232 | D:1      | Reached XP level 2. HP: 15/18 MP: 3/5
   658 | D:1      | Reached XP level 3. HP: 20/23 MP: 6/6
  1375 | D:3      | Noticed a scorpion
  1394 | D:3      | Killed a scorpion
  1395 | D:3      | Reached XP level 4. HP: 28/28 MP: 7/7
  1500 | D:3      | Reached XP level 5. HP: 32/33 MP: 6/8
  1608 | D:3      | HP: 1/49 [poisoned by an adder]
  1609 | D:3      | Succumbed to an adder's poison

Illustrated notes

Levels and vault maps discovered:
D:1:      dpeg_arrival_water_fire, layout_loops_ring, hex_tiny,
          columned_hall_lemuel
D:2:      layout_rooms
D:3:      layout_basic, lemuel_round_altar,
          ebering_ecumenical_altar_sacrificial, serial_curves, eino_curves_03,
          eino_curves_03, minmay_misc_feat_five

Skill      XL: |  1  2  3  4 |
---------------+-------------+-----
Ice Magic      | 1 2 3 |  3.1
Transmutations | 3 |  3.8
Fighting       | |  1.0
Dodging        | |  2.0
Unarmed Combat | |  3.0
Spellcasting   | |  2.0

Action                   |  1- 3 |  4- 6 || total
-------------------------+-------+-------++-------
Melee: Unarmed           |    95 |    16 ||   111
       Tentacles         |    16 |     1 ||    17
       Constrict         |    23 |     3 ||    26
       Kick              |    15 |     4 ||    19
       Punch             |     3 |       ||     3
 Cast: Beastly Appendage |     9 |     4 ||    13
  Use: Potion            |     1 |     3 ||     4
 Stab: Sleeping          |     4 |     2 ||     6
Armor: Skin              |     8 |     2 ||    10
Dodge: Dodged            |    49 |    11 ||    60

Table legend: (Time is in decaauts)
 A = Elapsed time spent in this place.
 B = Non-inter-level travel time spent in this place.
 C = Inter-level travel time spent in this place.
 D = Time resting spent in this place.
 E = Time spent auto-exploring this place.
 F = Levels seen in this place.
 G = Mean time per level.
                   A        B        C        D        E       F      G
               +--------+--------+--------+--------+--------+-----+--------+
         Total |   1601 |   1562 |     39 |      0 |   1232 |   3 |  533.7 |
       Dungeon |   1601 |   1562 |     39 |      0 |   1232 |   3 |  533.7 |
               +--------+--------+--------+--------+--------+-----+--------+

Top non-repeatable levels by time:
     D:1: 845 daAuts
     D:2: 510 daAuts
     D:3: 245 daAuts
